 Dungeon Crawl Stone Soup version 0.23.0 (webtiles) character file.

Game seed: 16367589408848996480

185881 Hylith the Slayer (level 17, -15/178 HPs)
             Began as a Minotaur Berserker on Feb 12, 2019.
             Was a High Priest of Trog.
             Killed from afar by a deep elf sorcerer (21 damage)
             ... with a bolt of acid
             ... on level 3 of the Elven Halls on Feb 18, 2019.
             The game lasted 01:44:48 (23918 turns).

Hylith the Slayer (Minotaur Berserker)             Turns: 23918, Time: 01:44:49

Health: -15/178    AC: 30    Str: 24    XL:     17   Next: 82%
Magic:  26/26      EV: 12    Int:  5    God:    Trog [*****.]
Gold:   2372       SH:  6    Dex: 12    Spells: 16/16 levels left

rFire    . . .     SeeInvis +   z - +6 great mace (holy)
rCold    . . .     Gourm    .   (shield currently unavailable)
rNeg     . . .     Faith    .   C - +10 plate armour of Zeahihax {MR+ Stlth+}
rPois    .         Spirit   .   (helmet restricted)
rElec    .         Reflect  +   K - +2 cloak "Fyiwavic" {Regen+ Dex-5 Slay+2}
rCorr    .         Harm     .   a - +1 pair of gloves
MR       +++++                  V - +0 pair of boots
Stlth    ..........             b - +6 amulet of reflection
HPRegen  1.79/turn              D - ring of see invisible
MPRegen  0.20/turn              u - ring "Nyownuk" {+Inv +Fly MR+ MP+9 Dex+3}

@: corroded, regenerating, heavily drained
A: retaliatory headbutt, horns 2
a: Berserk, Trog's Hand, Brothers in Arms, Renounce Religion, Evoke
Invisibility, Evoke Flight


You were on level 3 of the Elven Halls.
You worshipped Trog.
Trog was extremely pleased with you.
You were not hungry.

You visited 5 branches of the dungeon, and saw 27 of its levels.

You collected 2960 gold pieces.
You spent 588 gold pieces at shops.

Inventory:

Hand Weapons
 y - a +4 triple crossbow of flaming
 z - a +6 great mace of holy wrath (weapon)
Armour
 a - a +1 pair of gloves (worn)
 C - the +10 plate armour of Zeahihax (worn) {MR+ Stlth+}
   (You bought it in a shop on level 2 of the Orcish Mines)

   It affects your resistance to hostile enchantments.
   It makes you more stealthy.
 K - the +2 cloak "Fyiwavic" (worn) {Regen+ Dex-5 Slay+2}
   (You found it on level 6 of the Lair of Beasts)

   It affects your dexterity (-5).
   It affects your accuracy and damage with ranged weapons and melee attacks
   (+2).
   It increases your rate of regeneration.
 V - a +0 pair of boots (worn)
Jewellery
 b - a +6 amulet of reflection (around neck)
 f - an uncursed ring of resist corrosion
 u - the ring "Nyownuk" (right hand) {+Inv +Fly MR+ MP+9 Dex+3}
   (You found it on level 1 of the Elven Halls)

   [ring of protection from magic]

   It affects your dexterity (+3).
   It affects your resistance to hostile enchantments.
   It affects your magic capacity (+9).
   It lets you turn invisible.
   It lets you fly.
 D - a ring of see invisible (left hand)
 Q - an uncursed ring of protection from fire
 X - a +3 ring of dexterity
Wands
 l - a wand of random effects (25)
 o - a wand of acid (7)
 t - a wand of flame (60)
 H - a wand of iceblast (6)
 M - a wand of paralysis (15)
 O - a wand of enslavement (6)
 S - a wand of polymorph (19)
 T - a wand of digging (9)
Scrolls
 d - 18 scrolls of remove curse
 e - 5 scrolls of enchant armour
 h - a scroll of random uselessness {unknown}
 i - 3 scrolls of fear
 k - 2 scrolls of vulnerability {unknown}
 n - a scroll of fog {unknown}
 v - 2 scrolls of noise {unknown}
 x - 10 scrolls of teleportation
 A - a scroll of identify
 E - 4 scrolls of summoning
 I - 2 scrolls of brand weapon
 J - 14 scrolls of enchant weapon
 P - a scroll of torment {unknown}
 U - a scroll of holy word
 W - 3 scrolls of magic mapping
Potions
 g - 3 potions of haste
 j - 9 potions of curing
 m - 6 potions of flight
 q - 8 potions of mutation
 r - 2 potions of heal wounds
 s - a potion of cancellation {unknown}
 w - 3 potions of resistance
 B - a potion of brilliance {unknown}
 F - 4 potions of invisibility
 G - 2 potions of degeneration {unknown}
 L - 3 potions of agility
 R - a potion of might {unknown}
 Z - a potion of magic {unknown}
Miscellaneous
 p - a box of beasts
 N - a phantom mirror
Comestibles
 c - 35 rations


   Skills:
 + Level 22.6(20.0) Fighting
 - Level 20.0(17.5) Maces & Flails
 + Level 16.5(14.3) Armour
 * Level 12.4(10.3) Dodging
 * Level 2.3(0.7) Evocations


You had 16 spell levels left.
You didn't know any spells.
Your spell library was empty.

Dungeon Overview and Level Annotations

Branches:
Dungeon (15/15)            Temple (0/1) D:5            Lair (6/6) D:10
 Shoals (0/4) Lair:2       Spider (0/4) Lair:4        Slime (0/5) Lair:6
    Orc (2/2) D:11            Elf (3/3) Orc:2        Vaults (0/5) D:14
 Depths (1/5) D:15

Altars:
Cheibriados
Dithmenos
Fedhas
Okawaru
Sif Muna
Trog
Wu Jian
Yredelemnul
Zin
Jiyva

Shops:
D:8 :%!(*   Orc:1 *   Orc:2 [::=   Elf:1 *   Elf:2 *


Innate Abilities, Weirdness & Mutations

You reflexively headbutt those who attack you in melee.
You have a pair of horns on your head.


Message History

Unknown command.
The deep elf sorcerer points at you and mumbles some strange words.
The bolt of acid hits you!!
* * * LOW HITPOINT WARNING * * *
The acid corrodes you!
You are splashed with acid!
* * * LOW HITPOINT WARNING * * *
A freezing blast appears from out of your range of vision.
You feel much better.
You are engulfed in freezing vapours.
* * * LOW HITPOINT WARNING * * *
The deep elf sorcerer is engulfed in freezing vapours.
Your skin crawls.
You feel resistant to hostile enchantments.
You feel somewhat more hungry.
You are engulfed in freezing vapours.
* * * LOW HITPOINT WARNING * * *
A deep elf blademaster comes into view. It is wielding two +0 quick blades.
You are engulfed in freezing vapours.
* * * LOW HITPOINT WARNING * * *
The deep elf sorcerer points at you and mumbles some strange words.
The bolt of acid hits you!!
You die...

#.........e...#
#.............#
##.............##
##.........e.....##
#.......###e°.....#
#......## ##.e.°..#
#.....## ##.....#
#.....# #○.○..#
#.....## ##@○°..#
#.....(## ##°.○○..#
#.....))###)......#
##....)))).......##
##.....).......##
#....)........#
###.........###
##.......## ##
#######.#######


You could see a deep elf death mage and a deep elf sorcerer.

Vanquished Creatures
  Rupert (D:13)
  3 deep elf blademasters
  Frances (D:13)
  Donald (Elf:2)
  The ghost of Vatovie the Impaler, a journeyman MiBe of Trog (Elf:1)
  3 deep elf sorcerers
  2 azure jellies (Lair:6)
  A deep elf elementalist (Elf:3)
  7 deep elf demonologists
  A deep elf annihilator (Elf:3)
  Snorg (D:13)
  Josephine (D:10)
  A yaktaur captain (D:15)
  A deep elf death mage (Elf:3)
  2 fire dragons
  A vault guard (D:14)
  4 catoblepae (Lair:6)
  10 hydras
  5 centaur warriors
  18 death yaks
  6 two-headed ogres
  16 dancing weapons
  A death knight (D:14)
  2 tengu warriors (D:15)
  A vampire mage (D:15)
  4 orc high priests (Orc:2)
  The ghost of coffee the Ruffian, a novice TrFi of Ru (D:8)
  Sonja (Lair:6)
  14 deep elf knights
  An iron troll (D:14)
  The ghost of Rhok the Transmogrifier, a novice MfTm of Ru (D:8)
  2 skeletal warriors (D:15)
  3 unseen horrors
  A tengu zombie (D:15)
  A lindwurm (Lair:5)
  Pikel (D:6)
  20 deep elf archers
  9 ugly things
  A necromancer (D:15)
  5 orc knights
  A wolf spider zombie (D:15)
  8 cyclopes
  5 manticores
  A frost giant zombie (D:15)
  50 deep elf magi
  An oklob plant (Lair:1)
  10 elephants
  A stone giant skeleton (D:15)
  A fire giant skeleton (D:15)
  5 black mambas
  A torpor snail (Lair:6)
  16 spiny frogs
  13 rime drakes
  11 komodo dragons
  2 kobold demonologists
  4 trolls
  2 tengu conjurers
  2 hornets
  4 slime creatures (D:13)
  24 dream sheep
  11 blink frogs
  13 hippogriffs
  A shadow (D:15)
  A meliai zombie (D:15)
  A centaur simulacrum (D:15)
  Sigmund (D:2)
  2 water elementals
  6 wraiths
  4 wyverns
  43 yaks
  3 basilisks
  A fire elemental (Elf:2)
  6 vampire mosquitoes
  8 steam dragons (Lair:5)
  8 wargs
  Duvessa (D:5)
  3 acid dragons
  11 porcupines
  8 water moccasins
  A black bear (Lair:4)
  32 orc warriors
  A sky beast (D:15)
  2 necrophages
  11 ogres
  5 ice beasts
  3 slaves (D:6)
  An eye of draining (D:13)
  A phantom (D:6)
  31 wolves
  19 centaurs
  10 crocodiles
  An earth elemental (Elf:1)
  4 big kobolds
  17 bullfrogs
  Dowan (D:5)
  6 scorpions
  A water moccasin skeleton (D:4)
  3 killer bees (D:10)
  4 howler monkeys
  9 crimson imps
  4 centaur zombies
  A quasit (D:13)
  2 bullfrog zombies
  A bullfrog skeleton (D:10)
  5 centaur skeletons
  6 jellies
  4 hounds
  30 orc priests
  2 iguanas
  Natasha (thrice) (D:2)
  24 orc wizards
  Terence (D:2)
  3 hell rats (Lair:4)
  11 worker ants
  2 hound skeletons
  A howler monkey zombie (D:6)
  A howler monkey skeleton (D:11)
  3 worker ant zombies
  Robin (D:3)
  16 adders
  7 gnolls
  12 river rats
  2 shadow imps
  2 oozes
  2 adder zombies
  4 worms (D:2)
  5 dart slugs
  2 leopard geckos
  82 orcs
  7 bats
  6 giant cockroaches
  23 goblins
  7 hobgoblins
  3 jackals (D:2)
  6 quokkas
  2 ball pythons (D:5)
  4 frilled lizards
  23 kobolds
  A leopard gecko skeleton (D:8)
  A leopard gecko zombie (D:6)
  2 quokka skeletons
  A quokka zombie (D:9)
  13 rats
  2 plants
953 creatures vanquished.

Vanquished Creatures (collateral kills)
  2 deep elf annihilators (Elf:3)
  A deep elf high priest (Elf:3)
  An orc high priest (Orc:2)
  A deep elf knight (Elf:2)
  3 deep elf archers (Elf:2)
  An orc knight (Orc:2)
  4 deep elf magi
  An oklob plant (Lair:6)
  5 orc warriors (Orc:2)
  6 orc priests (Orc:2)
  An orc wizard (Orc:1)
  2 orcs (Orc:2)
28 creatures vanquished.

Vanquished Creatures (others)
  Nessos (D:13)
  A deep elf archer (Elf:1)
  A cyclops (D:14)
  A water elemental (Elf:1)
  A hound (D:6)
  A worker ant (D:14)
  An orc (Orc:2)
  19 fungi
  24 plants
  2 withered plants (D:15)
52 creatures vanquished.

Grand Total: 1033 creatures vanquished

Notes
Turn   | Place    | Note
-------+----------+-------------------------------------------
     0 | D:1      | Hylith the Minotaur Berserker began the quest for the Orb.
     0 | D:1      | Reached XP level 1. HP: 19/19 MP: 0/0
   220 | D:1      | Reached skill level 4 in Fighting
   220 | D:1      | Reached XP level 2. HP: 27/27 MP: 1/1
   660 | D:2      | Reached XP level 3. HP: 27/33 MP: 2/2
   683 | D:2      | Reached ** piety under Trog
   914 | D:2      | Noticed Natasha
   924 | D:2      | Killed Natasha
  1224 | D:2      | Reached XP level 4. HP: 40/40 MP: 3/3
  1240 | D:2      | Noticed Natasha
  1245 | D:2      | Killed Natasha
  1245 | D:2      | Reached skill level 5 in Maces & Flails
  1254 | D:2      | Noticed Terence
  1270 | D:2      | Killed Terence
  1270 | D:2      | Reached XP level 5. HP: 34/47 MP: 4/4
  1432 | D:2      | Noticed Sigmund
  1777 | D:2      | Killed Sigmund
  1777 | D:2      | Reached XP level 6. HP: 55/55 MP: 5/5
  1933 | D:2      | Noticed Natasha
  1941 | D:2      | Killed Natasha
  2103 | D:3      | Reached *** piety under Trog
  2108 | D:3      | Reached skill level 5 in Fighting
  2127 | D:3      | Found a basalt altar of Yredelemnul.
  2189 | D:3      | Found a blossoming altar of Fedhas.
  2306 | D:3      | Noticed Robin
  2331 | D:3      | Killed Robin
  2578 | D:4      | Found an ornate altar of the Wu Jian Council.
  2603 | D:4      | Reached **** piety under Trog
  2766 | D:4      | Reached XP level 7. HP: 35/61 MP: 6/6
  3033 | D:4      | Found a shadowy altar of Dithmenos.
  3204 | D:4      | Found a snail-covered altar of Cheibriados.
  3330 | D:5      | Entered Level 5 of the Dungeon
  3354 | D:5      | Found an iron altar of Okawaru.
  3384 | D:5      | Got a pitted ring mail
  3395 | D:5      | Identified the +5 ring mail of Enteat {+Fly Regen+ Dex+5
                  | Slay+2} (You found it on level 5 of the Dungeon)
  3421 | D:5      | Noticed Dowan
  3423 | D:5      | Noticed Duvessa
  3427 | D:5      | Reached skill level 5 in Armour
  3434 | D:5      | Killed Duvessa
  3434 | D:5      | Reached XP level 8. HP: 51/69 MP: 7/7
  3442 | D:5      | Killed Dowan
  3570 | D:5      | Reached skill level 10 in Maces & Flails
  3721 | D:5      | Found a staircase to the Ecumenical Temple.
  3963 | D:6      | Reached ***** piety under Trog
  4001 | D:6      | Noticed Pikel
  4004 | D:6      | Reached skill level 6 in Fighting
  4023 | D:6      | Killed Pikel
  4169 | D:6      | Reached XP level 9. HP: 71/78 MP: 8/8
  4523 | D:7      | Received a gift from Trog
  4606 | D:7      | Found a bloodstained altar of Trog.
  4653 | D:7      | Found a blossoming altar of Fedhas.
  4655 | D:7      | Found a deep blue altar of Sif Muna.
  4789 | D:7      | Reached skill level 7 in Fighting
  5001 | D:8      | Found Caechot's Distillery.
  5144 | D:8      | Found Fufusch's Assorted Antiques.
  5210 | D:8      | Found Daxzea's Antique Weapon Boutique.
  5295 | D:8      | Found Pyijaf's Food Shoppe.
  5308 | D:8      | Found a runed translucent gate.
  5309 | D:8      | Found a runed translucent gate.
  5310 | D:8      | Found a runed translucent gate.
  5312 | D:8      | Noticed Rhok's ghost (novice MfTm)
  5312 | D:8      | Noticed coffee's ghost (novice TrFi)
  5348 | D:8      | Found Numompuw's Book Shoppe.
  5505 | D:8      | Found a flagged portal.
  5729 | D:8      | Killed coffee's ghost
  5729 | D:8      | Reached XP level 10. HP: 88/88 MP: 9/9
  5732 | D:8      | Killed Rhok's ghost
  5732 | D:8      | Reached skill level 8 in Fighting
  5918 | D:9      | Noticed a two-headed ogre
  5924 | D:9      | Killed a two-headed ogre
  6051 | D:9      | Found a glowing silver altar of Zin.
  6276 | D:9      | Reached skill level 15 in Maces & Flails
  6500 | D:10     | Entered Level 10 of the Dungeon
  6501 | D:10     | Noticed Josephine
  6519 | D:10     | Killed Josephine
  6573 | D:10     | Reached skill level 9 in Fighting
  6573 | D:10     | Reached XP level 11. HP: 73/97 MP: 10/10
  6671 | D:10     | Noticed a two-headed ogre
  6675 | D:10     | Killed a two-headed ogre
  7087 | D:10     | Noticed a centaur warrior
  7090 | D:10     | Noticed a brown ugly thing
  7093 | D:10     | Killed a centaur warrior
  7101 | D:10     | Killed a brown ugly thing
  7238 | D:10     | Found a staircase to the Lair.
  7250 | D:10     | Reached skill level 10 in Fighting
  7428 | Lair:1   | Entered Level 1 of the Lair of Beasts
  7499 | Lair:1   | Noticed an oklob plant
  7536 | Lair:1   | HP: 4/99 [acid (19)]
  7537 | Lair:1   | Killed an oklob plant
  7896 | Lair:1   | Noticed a five-headed hydra
  7901 | Lair:1   | Killed a five-headed hydra
  8437 | Lair:2   | Noticed a four-headed hydra
  8449 | Lair:2   | Killed a four-headed hydra
  8449 | Lair:2   | Reached skill level 11 in Fighting
  8449 | Lair:2   | Reached XP level 12. HP: 100/110 MP: 11/11
  9103 | Lair:2   | Reached skill level 12 in Fighting
  9257 | Lair:2   | Found a staircase to the Shoals.
 10039 | Lair:3   | Reached skill level 10 in Armour
 10503 | Lair:4   | Received a gift from Trog
 10729 | Lair:4   | Found a hole to the Spider Nest.
 10762 | Lair:4   | Noticed a death yak
 10769 | Lair:4   | Noticed a death yak
 10769 | Lair:4   | Noticed a death yak
 10784 | Lair:4   | Killed a death yak
 10784 | Lair:4   | Reached XP level 13. HP: 47/119 MP: 12/12
 10787 | Lair:4   | Reached skill level 13 in Fighting
 12048 | Lair:5   | Reached skill level 14 in Fighting
 12235 | Lair:5   | Reached skill level 5 in Dodging
 12414 | Lair:6   | Entered Level 6 of the Lair of Beasts
 12488 | Lair:6   | Reached skill level 15 in Fighting
 12512 | Lair:6   | HP: 4/126 [komodo dragon (26)]
 12732 | Lair:6   | Received a gift from Trog
 12735 | Lair:6   | Reached XP level 14. HP: 135/135 MP: 13/13
 12897 | Lair:6   | Noticed Sonja
 12911 | Lair:6   | Killed Sonja
 13042 | Lair:6   | Got a faintly glowing long sword
 13043 | Lair:6   | Identified the +8 long sword "Yrchar" {slice, Fragile +Inv
                  | Int+3 Dex+3} (You found it on level 6 of the Lair of
                  | Beasts)
 13086 | Lair:6   | Reached skill level 16 in Fighting
 13194 | Lair:6   | Got an ichor-stained cloak
 13208 | Lair:6   | Identified the +2 cloak "Fyiwavic" {Regen+ Dex-5 Slay+2}
                  | (You found it on level 6 of the Lair of Beasts)
 13574 | Lair:6   | Reached skill level 17 in Fighting
 13946 | Lair:6   | Found a runed translucent door.
 13946 | Lair:6   | Found a viscous altar of Jiyva.
 13946 | Lair:6   | Noticed an azure jelly
 13947 | Lair:6   | Found a staircase to the Slime Pits.
 13947 | Lair:6   | Noticed an azure jelly
 13953 | Lair:6   | Killed an azure jelly
 13958 | Lair:6   | Killed an azure jelly
 14945 | D:11     | Found a staircase to the Orcish Mines.
 15450 | D:12     | Received a gift from Trog
 15497 | D:12     | Reached XP level 15. HP: 149/149 MP: 14/14
 15693 | D:12     | Reached skill level 18 in Fighting
 16332 | D:13     | Noticed Frances
 16341 | D:13     | Killed Frances
 16394 | D:13     | Found a frozen archway.
 16444 | D:13     | Noticed Nessos
 16455 | D:13     | Killed Nessos
 16503 | D:13     | Noticed Snorg
 16515 | D:13     | Killed Snorg
 16515 | D:13     | Received a gift from Trog
 16753 | D:14     | Reached ****** piety under Trog
 16860 | D:14     | Found a gate to the Vaults.
 16981 | D:14     | Noticed Rupert
 17008 | D:13     | Killed Rupert
 17008 | D:13     | Reached skill level 19 in Fighting
 17645 | D:15     | Entered Level 15 of the Dungeon
 17662 | D:15     | Reached skill level 10 in Dodging
 17761 | D:15     | Received a gift from Trog
 18055 | D:15     | Found a staircase to the Depths.
 18391 | D:15     | Reached XP level 16. HP: 161/162 MP: 15/15
 18674 | D:15     | Reached skill level 20 in Fighting
 18860 | Depths:1 | Entered Level 1 of the Depths
 19069 | Orc:1    | Entered Level 1 of the Orcish Mines
 19116 | Orc:1    | Found Suarrut's General Store.
 19210 | Orc:2    | Entered Level 2 of the Orcish Mines
 19218 | Orc:2    | Received a gift from Trog
 19397 | Orc:2    | Found a staircase to the Elven Halls.
 19700 | Orc:2    | Found an iron altar of Okawaru.
 19842 | Orc:1    | Received a gift from Trog
 20417 | Orc:2    | Received a gift from Trog
 20503 | Orc:2    | Found Miedi's Jewellery Boutique.
 20505 | Orc:2    | Found Nosav's Antique Armour Boutique.
 20505 | Orc:2    | Found Wiaxoss's Book Shop.
 20506 | Orc:2    | Found Vomile's Book Boutique.
 20516 | Orc:2    | Bought a dazzling plate armour for 588 gold pieces
 20528 | Orc:2    | Identified the +10 plate armour of Zeahihax {MR+ Stlth+}
                  | (You bought it in a shop on level 2 of the Orcish Mines)
 20695 | Elf:1    | Entered Level 1 of the Elven Halls
 20768 | Elf:1    | Found a large runed translucent door.
 20769 | Elf:1    | Found a large runed translucent door.
 20776 | Elf:1    | Noticed Vatovie's ghost (journeyman MiBe)
 20833 | Elf:1    | Found Qumait's Assorted Antiques.
 21114 | Elf:1    | Reached skill level 21 in Fighting
 21124 | Elf:1    | Noticed a Brimstone Fiend
 21366 | Elf:1    | Killed Vatovie's ghost
 21376 | Elf:1    | Got a shimmering silver ring
 21378 | Elf:1    | Identified the ring "Nyownuk" {+Inv +Fly MR+ MP+9 Dex+3}
                  | (You found it on level 1 of the Elven Halls)
 21604 | Elf:1    | Received a gift from Trog
 21649 | Elf:1    | Identified the Compendium of Creation
 21694 | Elf:1    | Got a smoking scale mail
 21705 | Elf:1    | Identified the +6 scale mail "Saluarch" {MR+} (You found it
                  | on level 1 of the Elven Halls)
 22060 | Elf:2    | Reached XP level 17. HP: 76/174 MP: 16/16
 22068 | Elf:2    | Noticed Donald
 22084 | Elf:2    | Killed Donald
 22361 | Elf:2    | Reached skill level 15 in Armour
 22368 | Elf:2    | Found a runed translucent gate.
 22368 | Elf:2    | Found a runed translucent gate.
 22368 | Elf:2    | Found a runed translucent gate.
 22408 | Elf:2    | Found Poesit's Assorted Antiques.
 22572 | Elf:2    | Received a gift from Trog
 22752 | Elf:2    | Reached skill level 22 in Fighting
 22830 | Elf:2    | Noticed a deep elf blademaster
 22838 | Elf:2    | Killed a deep elf blademaster
 23168 | Elf:2    | HP: 6/177 [+3 bardiche of electrocution (21)]
 23570 | Elf:3    | Entered Level 3 of the Elven Halls
 23659 | Elf:3    | Received a gift from Trog
 23687 | Elf:3    | Reached skill level 1 in Evocations
 23736 | Elf:3    | Noticed a Hell Sentinel
 23738 | Elf:3    | Noticed a deep elf blademaster
 23740 | Elf:3    | Noticed a deep elf blademaster
 23751 | Elf:3    | Killed a deep elf blademaster
 23757 | Elf:3    | Killed a deep elf blademaster
 23907 | Elf:3    | Noticed an Ice Fiend
 23915 | Elf:3    | HP: 6/178 [acid (7)]
 23917 | Elf:3    | Noticed a deep elf blademaster
 23918 | Elf:3    | Killed from afar by a deep elf sorcerer

Skill      XL: |  1  2  3  4  5  6  7  8  9 10 11 12 13 14 15 16 17 |
---------------+----------------------------------------------------+-----
Fighting       | 4 5 6 7 9 11 12 15 17 19 21 22 | 22.6
Maces & Flails | 4 5 6 7 9 11 14 16 17 19 20 | 20.0
Armour         | 3 4 5 6 7 8 9 10 11 12 13 14 16 | 16.5
Dodging        | 3 5 8 10 11 12 | 12.4
Evocations     | 2 |  2.3

Action                   |  1- 3 |  4- 6 |  7- 9 | 10-12 | 13-15 | 16-18 || total
-------------------------+-------+-------+-------+-------+-------+-------++-------
Melee: Mace              |    64 |   167 |    98 |       |       |       ||   329
       Headbutt          |     5 |    30 |    54 |   137 |   215 |   143 ||   584
       Flail             |       |       |    21 |       |       |       ||    21
       Whip              |       |       |    57 |       |       |       ||    57
       Morningstar       |       |       |    72 |   417 |       |       ||   489
       Lajatang          |       |       |     4 |       |       |       ||     4
       Great mace        |       |       |       |    53 |   764 |   702 ||  1519
Invok: Berserk           |       |     2 |     7 |     6 |    15 |     9 ||    39
       Brothers in Arms  |       |       |       |       |     1 |     9 ||    10
       Trog's Hand       |       |       |       |       |       |     1 ||     1
  Use: Scroll            |       |       |    11 |     3 |     9 |     3 ||    26
       Potion            |       |       |       |       |       |     3 ||     3
 Stab: Petrified         |       |       |       |       |     1 |       ||     1
       Distracted        |       |       |       |       |       |     1 ||     1
  Eat: Chunk             |       |     7 |    14 |    17 |    32 |    10 ||    80
       Ration            |       |       |     1 |     1 |     2 |     6 ||    10
Armor: Ring mail         |     7 |       |    61 |   147 |   292 |    65 ||   572
       Scale mail        |    10 |    58 |    16 |       |       |       ||    84
       Plate armour      |       |       |       |       |       |   217 ||   217
Dodge: Dodged            |    32 |    84 |   104 |   222 |   528 |   338 ||  1308
Block: Other             |       |       |       |   104 |   203 |   152 ||   459
       Reflection        |       |       |       |     1 |    15 |    20 ||    36
